 Dungeon Crawl Stone Soup version 0.27-a0-797-g27d10ad (webtiles) character file.

Game seed: 3494390917297144557

3278 TheGoonsmith the Archer (level 10, -10/49 HPs)
             Began as a Vine Stalker Abyssal Knight on Mar 27, 2021.
             Was a High Priest of Lugonu.
             Mangled by an orc knight
             ... wielding a +0 trident
              (11 damage)
             ... in a bailey.
             The game lasted 00:14:45 (7747 turns).

TheGoonsmith the Archer (VSAK)                      Turns: 7747, Time: 00:14:45

Health: -10/49     AC: 14    Str: 16    XL:     10   Next: 0%
Magic:  0/16       EV: 11    Int: 12    God:    Lugonu [*****.]
Gold:   442        SH:  0    Dex: 16    Spells: 9/9 levels left

rFire    . . .     SeeInvis +   a - +1 short sword (drain)
rCold    . . .     Faith    +   (no shield)
rNeg     . . .     Spirit   +   e - +0 swamp dragon scales
rPois    +         Reflect  .   w - +2 helmet {SInv}
rElec    .         Harm     .   r - +1 cloak
rCorr    .         Rampage  .   (no gloves)
Will     +....                  z - +0 pair of boots
Stlth    +.........             c - amulet of faith
HPRegen  1.16/turn              (no ring)
MPRegen  0.15/turn              (no ring)

@: no status effects
A: fangs 3, regeneration 1, magic shield, antimagic bite, no potion heal 3
a: Renounce Religion, Depart the Abyss, Bend Space, Banish, Corrupt, Enter the
Abyss


You were in a bailey.
You worshipped Lugonu.
Lugonu was extremely pleased with you.
You visited 2 branches of the dungeon, and saw 9 of its levels.
You visited the Abyss 1 time.
You also visited: Bailey.

You collected 442 gold pieces.

Inventory:

Hand Weapons
 a - a +1 short sword of draining (weapon)
 b - the +8 longbow "Zephyr" {speed, Dex+3 SInv}
   (You found it on level 6 of the Dungeon)

   Attacks with this weapon are significantly faster.
   It affects your dexterity (+3).
   It lets you see invisible.
 s - a +1 vampiric short sword
Missiles
 n - 46 poisoned darts (quivered)
 v - 46 arrows
Armour
 e - +0 swamp dragon scales (worn)
 f - a +1 crystal plate armour
 h - a +0 ring mail
 k - a +0 scale mail
 r - a +1 cloak (worn)
 u - a +0 leather armour
 w - a +2 helmet of see invisible (worn)
 z - a +0 pair of boots (worn)
Jewellery
 c - an amulet of faith (around neck)
 C - the amulet "Holoasel" {RegenMP rPois rN+ Str-4 Dex+4}
   (You found it on level 7 of the Dungeon)

   [amulet of magic regeneration]

   It increases your magic regeneration.
   It affects your strength (-4).
   It affects your dexterity (+4).
   It protects you from poison.
   It protects you from negative energy.
Wands
 g - a wand of random effects (17)
 l - a wand of mindburst (14)
 o - a wand of polymorph (15)
 y - a wand of charming (15)
Scrolls
 i - a scroll of magic mapping
 A - a scroll of identify
 B - a scroll of blinking
 D - a scroll of fear
Potions
 d - 5 potions of flight
 j - 7 potions of degeneration
 m - 2 potions of cancellation
 p - a potion of brilliance
 q - 4 potions of attraction
 t - 2 potions of heal wounds
 x - a potion of might {unknown}
 E - 3 potions of curing


   Skills:
 - Level 4.0 Fighting
 - Level 6.1 Short Blades
 * Level 8.0 Bows
 - Level 3.0 Armour
 - Level 2.0 Dodging
 + Level 6.8 Invocations


You had 9 spell levels left.
You didn't know any spells.
Your spell library contained the following spells:

 Spells                   Type           Power      Damage    Failure   Level
 Animate Skeleton         Necr           0%         N/A       52%         1
 Apportation              Tloc           0%         N/A       52%         1
 Corona                   Hex            0%         N/A       52%         1
 Magic Dart               Conj           0%         1d3       52%         1
 Shock                    Conj/Air       0%         1d3       52%         1
 Summon Small Mammal      Summ           0%         N/A       52%         1
 Blink                    Tloc           N/A        N/A       67%         2
 Call Imp                 Summ           0%         N/A       67%         2
 Slow                     Hex            0%         N/A       67%         2
 Swiftness                Air            0%         N/A       67%         2
 Confusing Touch          Hex            0%         N/A       88%         3
 Conjure Flame            Conj/Fire      0%         6-21      88%         3
 Gell's Gravitas          Tloc           0%         N/A       88%         3
 Mephitic Cloud           Conj/Pois/Air  0%         N/A       88%         3
 Static Discharge         Conj/Air       0%         N/A       88%         3
 Airstrike                Air            0%         N/A       99%         4
 Petrify                  Tmut/Erth      0%         N/A       99%         4
 Lightning Bolt           Conj/Air       0%         1d11      100%        5
 Metabolic Englaciation   Hex/Ice        0%         N/A       100%        5
 Yara's Violent Unravell  Hex/Tmut       0%         3d3       100%        5


Dungeon Overview and Level Annotations

Branches:
Dungeon (8/15)             Temple (1/1) D:4            Lair (0/6) D:8
 Bailey (1/1)

Altars:
Ashenzari
Cheibriados
Dithmenos
Elyvilon
Fedhas
Gozag
Kikubaaqudgha
Makhleb
Nemelex Xobeh
Okawaru
Qazlal
Ru
Sif Muna
Trog
Uskayaw
Vehumet
Wu Jian
Xom
Yredelemnul
Zin
The Shining One

Annotations:
D:3 2 runed translucent doors, Dega's ghost, amateur DsFi
D:6 2 runed translucent doors, Dega's ghost, novice DsFi


Innate Abilities, Weirdness & Mutations

You have razor-sharp teeth.
Your natural rate of healing is unusually fast.
When hurt, damage is shared between your health and your magic reserves.
Your bite disrupts and absorbs the magic of your enemies.
Potions cannot restore your health.


Message History

The orc warrior is severely wounded.
You hit the orc warrior. You drain the orc warrior. You bite the orc warrior.
You kill the orc warrior!
Lugonu accepts your kill.
Your Bows skill increases to level 8!
You have reached level 10!
Unknown command.
The orc warrior no longer looks unusually strong.
The orc knight roars a battlecry!
The orc warriors go into a battle-frenzy!
You close the door.
Things that are here:
a +0 spear; a +0 chain mail You open the large door.
There is a large open door here.
There is a large open door here.
You now have 397 gold pieces (gained 19).
You now have 407 gold pieces (gained 10).
You now have 424 gold pieces (gained 17).
You now have 442 gold pieces (gained 18).
There is a large open door here.
There is a large open door here.
You open the door.
The orc warrior shouts!
There are monsters nearby!
The orc knight shouts!
The orc knight roars a battlecry!
The orc warriors go into a battle-frenzy!
There is an open door here.
The orc warrior hits you from afar with a +0 halberd!!
The orc warrior shouts!
The orc warrior hits you from afar with a +0 halberd!!
The orc warrior hits you from afar with a +0 halberd!
* * * LOW HITPOINT WARNING * * *
The orc knight misses you.
The orc warrior hits you from afar with a +0 trident!
* * * LOW HITPOINT WARNING * * *
The orc warrior hits you but does no damage.
The orc knight hits you from afar with a +0 trident!
You die...

##.........## ##..≈≈≈≈≈≈≈..##
##..≈≈)....≈≈..##
##########..≈≈..###).≈≈..########
#..........≈≈..## ##..≈≈.........
#.≈≈≈≈≈≈≈≈≈≈..##.∩.##..≈≈≈≈≈≈≈≈≈≈
#.≈.........)##.....##..).....).≈
#.≈.#############+###'#########)≈
#.≈.##.)...##...@.....##.....##.≈
#.≈..##...##..≈≈≈≈≈≈≈..##...##..≈
#.≈≈..##.#'..≈≈ooo..§≈§§##.##).≈≈
##.≈≈).#'#..§≈oo⌠∩⌠..§≈§.#'#..≈≈.
#∩.≈≈..#'#§.≈≈...⌠...≈≈..#)#..≈≈.
#.≈≈..##.##.§≈§.....≈≈§.'#.##..≈≈
#.≈).##...##..≈≈≈≈≈≈≈..##...##.)≈
#.≈.##.....##.........##.....##.≈
#.≈)#############'#############.≈


You could see an orc knight and 4 orc warriors.

Vanquished Creatures
  A two-headed ogre (D:8)
  Maggie (D:6)
  2 water moccasins
  Duvessa (D:7)
  4 orc warriors
  An ice beast (D:7)
  3 sky beasts
  A necrophage (D:6)
  An ogre (D:6)
  A centaur (D:4)
  2 phantoms
  2 bullfrogs
  Dowan (D:7)
  2 jellies
  A scorpion (D:4)
  A howler monkey (D:6)
  A centaur zombie (D:6)
  An orc priest (D:3)
  3 hounds
  A gnoll shaman (D:5)
  A centaur skeleton (D:4)
  Ijyb (D:3)
  An iguana (D:6)
  2 orc wizards
  A hound zombie (D:5)
  A howler monkey zombie (D:8)
  7 gnolls
  A howler monkey skeleton (D:7)
  5 adders
  2 white imps
  An ufetubus (D:6)
  2 dart slugs (D:1)
  29 orcs
  3 endoplasms
  4 giant cockroaches
  8 goblins
  9 hobgoblins
  5 jackals
  5 kobolds
  3 quokkas
  11 ball pythons
  6 bats
  4 frilled lizards
  A quokka skeleton (D:4)
  8 rats
152 creatures vanquished.

Notes
Turn   | Place    | Note
-------+----------+-------------------------------------------
     0 | Abyss:1  | TheGoonsmith the Vine Stalker Abyssal Knight began the
                  | quest for the Orb.
     0 | Abyss:1  | Reached XP level 1. HP: 11/11 MP: 3/3
    42 | Abyss:1  | Found a corrupted altar of Lugonu.
    92 | Abyss:1  | Noticed a quasit
   108 | Abyss:1  | Noticed a large abomination
   113 | D:1      | Escaped the Abyss
   441 | D:1      | Reached skill level 1 in Dodging
   441 | D:1      | Reached XP level 2. HP: 16/16 MP: 4/4
   448 | D:1      | Reached * piety under Lugonu
   772 | D:1      | Reached XP level 3. HP: 9/19 MP: 2/5
  1786 | D:2      | Found a sacrificial altar of Ru.
  2288 | D:3      | Found a large runed translucent door.
  2289 | D:3      | Found a large runed translucent door.
  2292 | D:3      | Noticed Dega's ghost (amateur DsFi)
  2297 | D:3      | Reached ** piety under Lugonu
  2298 | D:3      | Gained mutation: Your natural rate of healing is unusually
                  | fast. [Vine Stalker growth]
  2298 | D:3      | Reached XP level 4. HP: 24/24 MP: 6/6
  2585 | D:3      | Noticed a phantom
  2626 | D:3      | Killed a phantom
  2627 | D:3      | Reached XP level 5. HP: 19/28 MP: 7/7
  2832 | D:3      | Noticed Ijyb
  2845 | D:3      | Killed Ijyb
  3234 | D:3      | Reached XP level 6. HP: 29/33 MP: 6/8
  3332 | D:4      | Found a stormy altar of Qazlal.
  3363 | D:4      | Found a staircase to the Ecumenical Temple.
  3369 | Temple   | Entered the Ecumenical Temple
  3581 | D:4      | Reached *** piety under Lugonu
  3761 | D:4      | Reached XP level 7. HP: 23/37 MP: 6/9
  3990 | D:4      | Reached skill level 5 in Short Blades
  4152 | D:5      | Entered Level 5 of the Dungeon
  4807 | D:5      | Found a blossoming altar of Fedhas.
  5136 | D:6      | Found the +8 longbow "Zephyr" {speed, Dex+3 SInv}
  5558 | D:6      | Reached skill level 1 in Bows
  5558 | D:6      | Gained mutation: You have razor-sharp teeth. [Vine Stalker
                  | growth]
  5558 | D:6      | Reached XP level 8. HP: 42/42 MP: 9/11
  5656 | D:6      | Reached skill level 2 in Bows
  5859 | D:6      | Reached skill level 3 in Bows
  5864 | D:6      | Reached **** piety under Lugonu
  5864 | D:6      | Noticed Maggie
  6179 | D:6      | Killed Maggie
  6180 | D:6      | Reached skill level 4 in Bows
  6228 | D:6      | Found a runed translucent door.
  6229 | D:6      | Noticed Dega's ghost (novice DsFi)
  6245 | D:6      | Found a runed translucent door.
  6347 | D:7      | Reached skill level 5 in Bows
  6347 | D:7      | Reached XP level 9. HP: 45/45 MP: 13/13
  6512 | D:7      | Found an opulent altar of Gozag.
  6512 | D:7      | Found a white marble altar of Elyvilon.
  6564 | D:7      | Reached skill level 5 in Invocations
  6665 | D:7      | Reached skill level 6 in Bows
  6748 | D:7      | Identified the amulet "Holoasel" {RegenMP rPois rN+ Str-4
                  | Dex+4}
  6885 | D:7      | Found a bloodstained altar of Trog.
  6894 | D:7      | Found a basalt altar of Yredelemnul.
  7033 | D:7      | Noticed Duvessa
  7039 | D:7      | Killed Duvessa
  7040 | D:7      | Noticed Dowan
  7043 | D:7      | Killed Dowan
  7192 | D:8      | Noticed a two-headed ogre
  7200 | D:8      | Killed a two-headed ogre
  7201 | D:8      | Reached skill level 7 in Bows
  7229 | D:8      | Found a flagged portal.
  7251 | Bailey   | Entered a bailey
  7528 | Bailey   | Noticed an orc knight
  7553 | Bailey   | Reached ***** piety under Lugonu
  7626 | Bailey   | Identified the +7 arbalest of Vengeance {freeze, Int+2}
  7627 | Bailey   | Identified the +1 cloak of Uwos {Harm Rampage rElec Str-2
                  | Stlth+}
  7659 | Bailey   | Reached skill level 8 in Bows
  7659 | Bailey   | Reached XP level 10. HP: 23/49 MP: 7/16
  7747 | Bailey   | HP: 1/49 [orc warrior/+0 trident (12)]
  7747 | Bailey   | Mangled by an orc knight

Illustrated notes

Levels and vault maps discovered:
D:1:      shiori_shiawase, layout_rooms, st_stairs_11
D:2:      layout_loops_ring, nicolae_ru_the_path_less_chosen
D:3:      layout_basic, ebering_ghost_disaster_area, uniq_ijyb
D:4:      layout_basic, nicolae_qazlal_general_emergency,
          minmay_temple_entry_hall, minmay_pentangle
D:5:      layout_gridville, general_overflow_altar
D:6:      layout_gridville, ebering_ghost_sewer_f, uniq_maggie
D:7:      layout_gridville, gammafunk_temple_overflow_elements,
          amethyst_overflow_temple_binary, uniq_duvessa
D:8:      layout_basic, lair_entry_dummy, enter_bailey_7,
          fedhas_altar_fruit_tree
Temple:   eino_temple_lava
Bailey:   bailey_polearm_1, bailey

Skill      XL: |  1  2  3  4  5  6  7  8  9 |
---------------+----------------------------+-----
Short Blades   | 2 3 4 6 |  6.1
Dodging        | 1 2 |  2.0
Fighting       | 3 4 |  4.0
Armour         | 2 3 |  3.0
Invocations    | 3 4 6 |  6.8
Bows           | 1 5 8 |  8.0

Action                   |  1- 3 |  4- 6 |  7- 9 | 10-12 || total
-------------------------+-------+-------+-------+-------++-------
Melee: Short sword       |   100 |   208 |   148 |       ||   456
       Bite              |    21 |    66 |    51 |       ||   138
       Unarmed           |       |     8 |       |       ||     8
 Fire: Longbow           |       |       |   138 |       ||   138
Invok: Depart the Abyss  |     1 |       |       |       ||     1
  Use: Scroll            |       |       |    18 |       ||    18
       Potion            |       |       |     1 |       ||     1
 Stab: Confused          |       |     1 |       |       ||     1
Armor: Leather armour    |     1 |       |       |       ||     1
       Scale mail        |     5 |    93 |    48 |       ||   146
       Ring mail         |     3 |       |       |       ||     3
       Skin              |       |     1 |       |       ||     1
       Swamp dragon scal |       |       |    17 |     1 ||    18
Dodge: Dodged            |    47 |    89 |   108 |     1 ||   245

Table legend: (Time is in decaauts)
 A = Elapsed time spent in this place.
 B = Non-inter-level travel time spent in this place.
 C = Inter-level travel time spent in this place.
 D = Time resting spent in this place.
 E = Time spent auto-exploring this place.
 F = Levels seen in this place.
 G = Mean time per level.
                   A        B        C        D        E       F      G
               +--------+--------+--------+--------+--------+-----+--------+
         Total |   7677 |   7123 |    554 |     44 |   5799 |  11 |  697.9 |
       Dungeon |   7029 |   6485 |    544 |     44 |   5315 |   8 |  878.6 |
        Temple |     66 |     56 |     10 |      0 |     56 |   1 |   66.0 |
         Abyss |    113 |    113 |      0 |      0 |     95 |   1 |  113.0 |
        Bailey |    468 |    468 |      0 |      0 |    333 |   1 |  468.0 |
               +--------+--------+--------+--------+--------+-----+--------+

Top non-repeatable levels by time:
     D:3: 1101 daAuts
     D:1: 1090 daAuts
     D:4: 1086 daAuts
     D:2: 1003 daAuts
     D:6: 1001 daAuts
     D:5: 843 daAuts
     D:7: 800 daAuts
  Bailey: 468 daAuts
 Abyss:1: 113 daAuts
     D:8: 102 daAuts
  Temple: 66 daAuts
